 Dungeon Crawl Stone Soup version 0.27-a0-1158-gaa87e14f67 (webtiles) character file.

Game seed: 15389649352712749329

4166 wakim the Slicer (level 10, -1/63 HPs)
             Began as a Kobold Brigand on May 15, 2021.
             Slain by a white ugly thing (4 damage)
             ... on level 6 of the Dungeon.
             The game lasted 00:21:00 (8116 turns).

wakim the Slicer (Kobold Brigand)                   Turns: 8116, Time: 00:21:01

Health: -1/63      AC:  5    Str: 21    XL:     10   Next: 53%
Magic:  10/10      EV: 19    Int: 12    God:
Gold:   298        SH:  0    Dex: 20    Spells: 9/9 levels left

rFire    . . .     SeeInvis .   b - +1 short sword (venom)
rCold    + . .     Faith    .   (shield restricted)
rNeg     . . .     Spirit   .   p - +1 leather armour {rC+}
rPois    .         Reflect  .   (no helmet)
rElec    .         Harm     .   c - +0 cloak
rCorr    .         Rampage  .   (no gloves)
Will     .....                  (no boots)
Stlth    ++++++....             s - amulet of regeneration
HPRegen  1.20/turn              j - +6 ring of strength
MPRegen  0.12/turn              i - +6 ring of strength

@: no status effects
A: small, no large weapons, nightstalker 3
a: no special abilities


You were on level 6 of the Dungeon.
You visited 1 branch of the dungeon, and saw 7 of its levels.

You collected 298 gold pieces.

Inventory:

Hand Weapons
 a - a +3 short sword of holy wrath
 b - a +1 short sword of venom (weapon)
 f - a +2 vampiric short sword
 o - a +2 dagger of speed
Missiles
 d - 8 poisoned darts (quivered)
 e - 6 curare-tipped darts {=f}
Armour
 c - a +0 cloak (worn)
 p - a +1 leather armour of cold resistance (worn)
Jewellery
 i - a +6 ring of strength (right hand)
 j - a +6 ring of strength (left hand)
 s - an amulet of regeneration (around neck)
Wands
 t - a wand of digging (2)
 v - a wand of flame (18)
 y - a wand of paralysis (7)
Scrolls
 h - a scroll of enchant weapon
 r - 2 scrolls of identify
 w - 2 scrolls of amnesia
 R - a scroll of magic mapping {!r}
Potions
 g - a potion of ambrosia {unknown}
 k - 2 potions of haste {unknown}
 l - 2 potions of brilliance {unknown}
 m - 2 potions of lignification {unknown}
 n - 3 potions of attraction {unknown}
 q - a potion of invisibility {unknown}
 u - 2 potions of curing {unknown}
 x - a potion of berserk rage {unknown}
 J - 3 potions of heal wounds


   Skills:
 + Level 7.6 Fighting
 - Level 12.0 Short Blades
 - Level 2.1 Throwing
 + Level 7.8 Dodging
 + Level 10.7 Stealth


You had 9 spell levels left.
You didn't know any spells.
Your spell library contained the following spells:

 Spells                   Type           Power      Damage    Failure   Level
 Animate Skeleton         Necr           0%         N/A       36%         1
 Apportation              Tloc           0%         N/A       36%         1
 Magic Dart               Conj           0%         1d3       36%         1
 Pain                     Necr           0%         1d4       36%         1
 Sting                    Tmut/Pois      0%         1d3       36%         1
 Searing Ray              Conj           0%         3d3       50%         2
 Dazzling Flash           Conj/Hex       0%         N/A       75%         3
 Vampiric Draining        Necr           0%         2d6       75%         3
 Animate Dead             Necr           0%         N/A       98%         4
 Fulminant Prism          Conj/Hex       0%         3d6       98%         4
 Iskenderun's Mystic Bla  Conj/Tloc      0%         2d3       98%         4
 Olgreb's Toxic Radiance  Pois           0%         N/A       98%         4
 Agony                    Necr           0%         N/A       100%        5
 Manifold Assault         Tloc           0%         N/A       100%        5
 Disjunction              Tloc           0%         N/A       100%        8


Dungeon Overview and Level Annotations

Branches:
Dungeon (7/15)
 Temple: D:4-7

Altars:
Elyvilon
Gozag
Vehumet
Xom
Yredelemnul

Shops:
D:6 ?


Innate Abilities, Weirdness & Mutations

You are small and have problems with some larger weapons.
You are completely attuned to the shadows.


Message History

The white ugly thing misses you.
The gnoll sergeant completely misses you.
The orc wizard points at you and mumbles some strange words.
You easily resist.
The orc priest shouts!
The gnoll misses you. The white ugly thing gores you.
* * * LOW HITPOINT WARNING * * *
The white ugly thing freezes you! You resist.
* * * LOW HITPOINT WARNING * * *
The gnoll sergeant closely misses you.
The centaur wields a +0 shortbow.
The centaur shoots an arrow.
The arrow closely misses you.
You climb upwards.
There is a stone staircase leading down, spattered with blood here.
The orc wizard hits you with a +0 dagger.
* * * LOW HITPOINT WARNING * * *
The orc wizard casts a spell at itself.
The orc wizard flickers and vanishes!
Deactivating autopickup; reactivate with Ctrl-A.
You hit the gnoll but do no damage.
The gnoll is poisoned.
The gnoll hits you with a +0 flail.
* * * LOW HITPOINT WARNING * * *
You barely miss the gnoll. You hit the gnoll.
The gnoll looks as sick as possible!
The gnoll is lightly wounded.
The gnoll closely misses you.
You puncture the gnoll!
The gnoll looks as sick as possible!
The gnoll is almost dead.
The white ugly thing gores you!
* * * LOW HITPOINT WARNING * * *
The white ugly thing freezes you! You resist.
* * * LOW HITPOINT WARNING * * *
You barely miss the gnoll.
The gnoll is almost dead.
You kill the gnoll!
Something hits you.
* * * LOW HITPOINT WARNING * * *
Things that are here:
a +0 flail; a gnoll corpse Something barely misses you.
The white ugly thing gores you.
You die...

#####...##..##...).###
##...#.......###...## #
##....[.....######'#####
#.............#....†....
#.............#.........
#............##.........
##..........###.########
##...#....## #..### ##.
####{@.######....###..
#u#......#....##...
#.#..#####.....#...
#........##....#...
###..######....##.. #..#
###..###. #..# ##.####
#### #...... ###....


You could see a white ugly thing.

Vanquished Creatures
  Pikel (D:6)
  Grinder (D:3)
  Sigmund (D:6)
  A wraith (D:6)
  Menkaure (D:4)
  Duvessa (D:5)
  An orc warrior (D:6)
  2 sky beasts
  2 ice beasts
  3 ogres
  3 black bears
  3 necrophages
  2 centaurs
  A phantom (D:5)
  A lemure (D:6)
  2 bullfrogs (D:6)
  5 scorpions
  2 wyvern skeletons (D:6)
  A water moccasin zombie (D:7)
  Dowan (D:5)
  5 hounds
  2 orc priests
  2 bullfrog skeletons
  A centaur skeleton (D:4)
  3 iguanas
  4 jellies
  Jessica (D:3)
  Natasha (D:4)
  3 orc wizards
  2 killer bee zombies
  5 adders
  5 gnolls
  A white imp (D:6)
  2 ufetubi
  2 worms
  5 dart slugs
  30 orcs
  5 bats
  6 endoplasms
  2 giant cockroaches
  7 goblins
  4 hobgoblins
  3 jackals (D:2)
  A quokka (D:3)
  9 ball pythons
  6 frilled lizards (D:1)
  4 kobolds
  6 rats
162 creatures vanquished.

Notes
Turn   | Place    | Note
-------+----------+-------------------------------------------
     0 | D:1      | wakim the Kobold Brigand began the quest for the Orb.
     0 | D:1      | Reached XP level 1. HP: 12/12 MP: 1/1
   113 | D:1      | Reached skill level 3 in Short Blades
   118 | D:1      | Reached XP level 2. HP: 18/18 MP: 2/2
   534 | D:1      | Reached XP level 3. HP: 22/22 MP: 3/3
   902 | D:1      | Found a faded altar of an unknown god.
  1852 | D:2      | Identified the Grimoire of Venom and the Voyage
  2065 | D:2      | Reached XP level 4. HP: 27/27 MP: 4/4
  2549 | D:3      | Reached skill level 4 in Short Blades
  2714 | D:3      | Found a radiant altar of Vehumet.
  2716 | D:3      | Found a basalt altar of Yredelemnul.
  3146 | D:3      | Noticed Jessica
  3149 | D:3      | Killed Jessica
  3150 | D:3      | Reached XP level 5. HP: 32/32 MP: 5/5
  3231 | D:3      | Noticed Grinder
  3349 | D:3      | Killed Grinder
  3350 | D:3      | Reached skill level 5 in Short Blades
  3350 | D:3      | Reached XP level 6. HP: 7/38 MP: 6/6
  3779 | D:4      | Noticed Menkaure
  3783 | D:4      | Killed Menkaure
  3784 | D:4      | Reached skill level 6 in Short Blades
  3784 | D:4      | Reached XP level 7. HP: 43/43 MP: 7/7
  4029 | D:4      | Reached skill level 7 in Short Blades
  4165 | D:4      | Reached XP level 8. HP: 31/48 MP: 8/8
  4569 | D:4      | Noticed Natasha
  4600 | D:4      | Killed Natasha
  4737 | D:4      | Found a shimmering altar of Xom.
  4929 | D:5      | Entered Level 5 of the Dungeon
  5024 | D:5      | Noticed Duvessa
  5024 | D:5      | Noticed Dowan
  5025 | D:5      | Killed Dowan
  5026 | D:5      | Reached skill level 8 in Short Blades
  5078 | D:5      | Reached skill level 5 in Fighting
  5078 | D:5      | Reached skill level 5 in Dodging
  5526 | D:5      | Killed Duvessa
  5615 | D:5      | Reached skill level 9 in Short Blades
  5615 | D:5      | Reached XP level 9. HP: 44/54 MP: 9/9
  6635 | D:5      | Reached skill level 10 in Short Blades
  7179 | D:6      | Found Elamith's Magic Scroll Boutique.
  7208 | D:6      | Noticed Sigmund
  7212 | D:6      | Killed Sigmund
  7233 | D:6      | Found an opulent altar of Gozag.
  7494 | D:6      | Reached skill level 11 in Short Blades
  7494 | D:6      | Reached XP level 10. HP: 61/61 MP: 10/10
  7497 | D:6      | Reached skill level 10 in Stealth
  7853 | D:7      | Noticed Pikel
  7903 | D:6      | Killed Pikel
  8030 | D:7      | Found a white marble altar of Elyvilon.
  8061 | D:6      | Reached skill level 12 in Short Blades
  8085 | D:7      | Noticed a white ugly thing
  8113 | D:6      | HP: 1/63 [white ugly thing (13)]
  8116 | D:6      | Slain by a white ugly thing

Illustrated notes

Levels and vault maps discovered:
D:1:      roderic_octagonal_star, layout_loops_ring, serial_bayou,
          serial_bayou_lagoon_a, serial_bayou_pond_c, serial_bayou_shore_a,
          serial_bayou_shore_b, shapermc_ecumenical_altar_mp_ritualfount,
          st_stairs_11
D:2:      layout_loops_corners, serial_rivers, chequers_serial_rivers_micro_a,
          chequers_serial_rivers_marsh, chequers_serial_rivers_marsh,
          chequers_serial_rivers_micro_b, chequers_serial_rivers_room_b,
          kennysheep_generic_room_5
D:3:      layout_basic, minitemple, uniq_grinder, uniq_jessica
D:4:      layout_loops_cross, kennysheep_mini_moat, uniq_menkaure, uniq_natasha
D:5:      kennysheep_six_static_rooms, layout_loops_ring, nrook_pool_corridor,
          uniq_duvessa
D:6:      minmay_opposing_rooms, layout_rooms, lemuel_crystal_altar,
          serial_shops, shop_statue, uniq_sigmund
D:7:      kennysheep_big_flooded_room, layout_gridville, lemuel_tele_altar,
          elyvilon_altar_5, minmay_temple_entry_drinking_statues, uniq_pikel,
          uniq_crazy_yiuf_cottage

Skill      XL: |  1  2  3  4  5  6  7  8  9 10 |
---------------+-------------------------------+-----
Short Blades   | 3 4 5 6 7 9 11 12 | 12.0
Dodging        | 2 3 4 5 7 |  7.8
Fighting       | 3 4 5 6 7 |  7.6
Stealth        | 6 7 8 9 10 | 10.7
Throwing       | |  2.1

Action                   |  1- 3 |  4- 6 |  7- 9 | 10-12 || total
-------------------------+-------+-------+-------+-------++-------
Melee: Dagger            |    58 |       |    33 |       ||    91
       Short sword       |     7 |    41 |   203 |   126 ||   377
Throw: Dart              |       |     4 |     2 |     1 ||     7
Evoke: Wand              |       |     1 |       |       ||     1
  Use: Scroll            |       |     5 |     3 |     1 ||     9
 Stab: Sleeping          |    23 |    15 |    32 |       ||    70
       Paralysed         |       |     1 |       |       ||     1
       Distracted        |       |       |     3 |     2 ||     5
Armor: Robe              |     5 |       |       |       ||     5
       Leather armour    |     3 |     5 |    28 |    11 ||    47
Dodge: Dodged            |    34 |    12 |   124 |    93 ||   263

Table legend: (Time is in decaauts)
 A = Elapsed time spent in this place.
 B = Non-inter-level travel time spent in this place.
 C = Inter-level travel time spent in this place.
 D = Time resting spent in this place.
 E = Time spent auto-exploring this place.
 F = Levels seen in this place.
 G = Mean time per level.
                   A        B        C        D        E       F      G
               +--------+--------+--------+--------+--------+-----+--------+
         Total |   8006 |   7795 |    211 |    514 |   6012 |   7 | 1143.7 |
       Dungeon |   8006 |   7795 |    211 |    514 |   6012 |   7 | 1143.7 |
               +--------+--------+--------+--------+--------+-----+--------+

Top non-repeatable levels by time:
     D:5: 1924 daAuts
     D:4: 1346 daAuts
     D:1: 1290 daAuts
     D:2: 1253 daAuts
     D:3: 1222 daAuts
     D:6: 838 daAuts
     D:7: 129 daAuts
